 Dungeon Crawl Stone Soup version 0.27-a0-286-g37e0bc138e (webtiles) character file.

Game seed: 7314928073782087408

2885 KristoblXynda the Carver (level 9, -6/91 HPs)
             Began as a Vampire Gladiator on Feb 8, 2021.
             Was a Follower of Ashenzari.
             Mangled by Pikel
             ... wielding a +1 whip of electrocution
              (10 damage)
             ... on level 8 of the Dungeon.
             The game lasted 00:11:34 (7182 turns).

KristoblXynda the Carver (Vampire Gladiator)        Turns: 7182, Time: 00:11:35

Health: -6/91      AC: 28    Str: 14    XL:     9   Next: 48%
Magic:  9/9        EV:  2    Int: 12    God:    Ashenzari [*.....]
Gold:   463        SH:  0    Dex: 16    Spells: 8/8 levels left

rFire    . . .     SeeInvis +   a - +1 long sword
rCold    . . .     Faith    .   (no shield)
rNeg     + + +     Spirit   .   (armour currently unavailable)
rPois    +         Reflect  .   (helmet currently unavailable)
rElec    .         Harm     .   (cloak currently unavailable)
rCorr    .         Rampage  .   (gloves currently unavailable)
Will     .....     NoTele   +   (boots currently unavailable)
Stlth    ++........             o - amulet of the acrobat
HPRegen  0.45/turn              f - +4 ring of protection
MPRegen  0.11/turn              w - ring of flight

@: confused, tree-form, regenerating quickly, studying Staves
A: see invisible
a: Exsanguinate, Renounce Religion, Curse Item, Scrying


You were on level 8 of the Dungeon.
You worshipped Ashenzari.
Ashenzari was aware of your devotion.
You were a tree.
You visited 1 branch of the dungeon, and saw 8 of its levels.

You collected 463 gold pieces.

Inventory:

Hand Weapons
 a - a +1 long sword (weapon)
Missiles
 d - 3 throwing nets (quivered)
Armour
 c - a +0 helmet (melded)
 l - a +0 pair of gloves (melded)
 s - a +0 ring mail (melded)
 x - a cursed +2 cloak of stealth (melded)
Jewellery
 f - a +4 ring of protection (left branch)
 k - a +6 ring of intelligence
 o - an amulet of the acrobat (around neck)
 w - a ring of flight (right branch)
Scrolls
 g - 2 scrolls of noise {unknown}
 h - 2 scrolls of random uselessness {unknown}
 i - a scroll of enchant armour {unknown}
 j - 3 scrolls of enchant weapon
 p - 3 scrolls of teleportation {unknown}
 q - a scroll of fog {unknown}
 r - 2 scrolls of magic mapping {unknown}
 y - a scroll of blinking {unknown}
 z - 5 scrolls of remove curse
 B - 2 scrolls of identify
 C - a scroll of fear {unknown}
Potions
 b - a potion of ambrosia
 e - 3 potions of flight
 m - a potion of mutation
 n - 2 potions of brilliance
 t - a potion of haste
 A - a potion of cancellation


   Skills:
 - Level 2.2 Fighting
 * Level 9.1 Long Blades
 - Level 2.0 Throwing
 + Level 4.6 Armour
 + Level 7.5 Dodging
 + Level 7.4 Stealth


You had 8 spell levels left.
You didn't know any spells.
Your spell library contained the following spells:

 Spells                   Type           Power        Failure   Level
 Foxfire                  Conj/Fire      0%           32%         1
 Conjure Flame            Conj/Fire      0%           69%         3
 Inner Flame              Hex/Fire       0%           69%         3
 Sticky Flame             Conj/Fire      0%           97%         4
 Fireball                 Conj/Fire      0%           100%        5


Dungeon Overview and Level Annotations

Branches:
Dungeon (8/15)             Temple (0/1) D:7
   Lair: D:8-11

Altars:
Ashenzari
Cheibriados
Dithmenos
Fedhas
Hepliaklqana
Qazlal
Wu Jian
Yredelemnul
Zin

Shops:
D:5 *

Annotations:
D:8 Pikel


Innate Abilities, Weirdness & Mutations

Your natural rate of healing is unusually fast.
((You have razor-sharp teeth.))
You have supernaturally acute eyesight. (SInv)
((You can survive without breathing.))


Message History

* * * LOW HITPOINT WARNING * * *
You closely miss Pikel.
Pikel is severely wounded.
Pikel says, "You'll make a fine lemure."
Pikel hits you but does no damage.
You closely miss Pikel.
Pikel is severely wounded.
Pikel hits you but does no damage.
You hit Pikel.
Pikel is almost dead.
Pikel hits you but does no damage.
You are electrocuted!
* * * LOW HITPOINT WARNING * * *
You hit Pikel but do no damage.
Pikel is almost dead.
Pikel hits you but does no damage.
You are electrocuted!
* * * LOW HITPOINT WARNING * * *
Unknown command.
You are confused.
You feel invigorated. Pikel hits you but does no damage.
You are electrocuted!
You die...

....## #. ...... ##. #.... ..
####.... #. ........ ###5###
#..... #....( #.#...
####..?.######## #... #.....
......†...F5K♣.# ... #....#
#####....#####.# #..####....#
.......#.# #.# #..........#
...#####.# #.# #..######..#
...##....#####.####..######..#
........................)....#
........#.###..###.#.#####...
..##....#.# #...# #).# #..# #
#....#.# ###'# ##.# ...#


You could see Pikel, a lemure and a bullfrog.

Vanquished Creatures
  A cyclops (D:6)
  An ice beast (D:5)
  2 orc warriors (D:6)
  5 ogres
  A centaur (D:8)
  A phantom (D:4)
  A lemure (D:8)
  A kobold brigand (D:7)
  4 bullfrogs
  2 scorpions
  2 howler monkeys (D:6)
  2 bullfrog zombies (D:5)
  2 centaur skeletons
  A centaur zombie (D:7)
  3 orc priests
  4 jellies
  5 hounds
  2 iguanas
  6 worker ants
  An orc wizard (D:6)
  2 hound skeletons
  A hound zombie (D:7)
  A worker ant zombie (D:6)
  Robin (D:3)
  10 gnolls
  9 adders
  2 shadow imps (D:5)
  A white imp (D:7)
  2 ufetubi
  An ooze (D:4)
  An adder zombie (D:6)
  4 adder skeletons
  2 worms
  3 dart slugs
  4 leopard geckos
  20 orcs
  3 giant cockroaches
  16 goblins
  8 hobgoblins
  18 jackals
  10 kobolds
  3 quokkas (D:3)
  A ball python zombie (D:3)
  6 bats
  9 frilled lizards
  2 jackal skeletons
  A leopard gecko skeleton (D:7)
  6 rats
194 creatures vanquished.

Notes
Turn   | Place    | Note
-------+----------+-------------------------------------------
     0 | D:1      | KristoblXynda the Vampire Gladiator began the quest for the
                  | Orb.
     0 | D:1      | Reached XP level 1. HP: 16/16 MP: 1/1
   246 | D:1      | Reached XP level 2. HP: 22/22 MP: 2/2
   881 | D:2      | Reached XP level 3. HP: 25/27 MP: 3/3
   978 | D:2      | Noticed a water elemental
   980 | D:2      | Found a stormy altar of Qazlal.
   982 | D:2      | Noticed a fire elemental
  1139 | D:2      | Noticed an earth elemental
  1144 | D:2      | Noticed an air elemental
  1193 | D:2      | Found a glowing silver altar of Zin.
  1193 | D:2      | Found a faded altar of an unknown god.
  1201 | D:2      | Found a blossoming altar of Fedhas.
  1203 | D:2      | Found a shadowy altar of Dithmenos.
  1205 | D:2      | Found a faded altar of an unknown god.
  1513 | D:3      | Noticed Robin
  1646 | D:3      | Killed Robin
  1647 | D:3      | Reached XP level 4. HP: 31/31 MP: 4/4
  1692 | D:3      | HP: 1/32 [orc/+0 trident (6)]
  1700 | D:3      | Reached skill level 4 in Long Blades
  1977 | D:3      | Reached skill level 1 in Armour
  2062 | D:3      | Reached XP level 5. HP: 37/38 MP: 5/5
  2134 | D:3      | Found a faded altar of an unknown god.
  2885 | D:4      | Reached skill level 5 in Long Blades
  2941 | D:4      | Noticed a phantom
  2968 | D:4      | Killed a phantom
  2969 | D:4      | Reached XP level 6. HP: 31/44 MP: 6/6
  3328 | D:5      | Entered Level 5 of the Dungeon
  3345 | D:4      | Reached skill level 5 in Dodging
  3443 | D:5      | Reached skill level 6 in Long Blades
  3443 | D:5      | Reached skill level 1 in Stealth
  3443 | D:5      | Reached XP level 7. HP: 38/50 MP: 7/7
  3478 | D:5      | Found a broken altar of Ashenzari.
  3490 | D:5      | Found Weacsuaw's Assorted Antiques.
  3507 | D:5      | Became a worshipper of Ashenzari the Shackled
  3586 | D:5      | Found a snail-covered altar of Cheibriados.
  4138 | D:5      | Found a basalt altar of Yredelemnul.
  4268 | D:5      | Found an ornate altar of the Wu Jian Council.
  4607 | D:6      | Reached XP level 8. HP: 31/56 MP: 8/8
  4615 | D:6      | Reached skill level 7 in Long Blades
  5281 | D:6      | Noticed a cyclops
  5297 | D:6      | Killed a cyclops
  5298 | D:6      | Reached skill level 8 in Long Blades
  5298 | D:6      | Reached skill level 5 in Stealth
  5482 | D:6      | Reached XP level 9. HP: 61/61 MP: 9/9
  5863 | D:7      | Found a hazy altar of Hepliaklqana.
  5912 | D:7      | Found a staircase to the Ecumenical Temple.
  6055 | D:7      | Reached * piety under Ashenzari
  6908 | D:8      | Reached skill level 9 in Long Blades
  7149 | D:8      | Noticed Pikel
  7181 | D:8      | HP: 1/91 [Pikel/+1 whip of electrocution (16)]
  7182 | D:8      | Mangled by Pikel

Illustrated notes

Levels and vault maps discovered:
D:1:      sevenhm_arrival_forest_fort_small_5, layout_basic
D:2:      layout_loops_ring, chequers_temple_overflow_minitemple,
          nicolae_qazlal_style_of_elements
D:3:      layout_rooms, chequers_ecumenical_altar_island, eino_curves_01,
          minmay_randomly_rotated_circles, uniq_robin
D:4:      layout_cave_pods
D:5:      layout_cave_pods, ashenzari_altar_1, lemuel_doored_altar,
          marbit_many_paths, kennysheep_slug_shrine, serial_shops,
          nicolae_shop_crystal
D:6:      layout_basic, minmay_manual_monstrance
D:7:      layout_basic, old_standard_altar, minmay_temple_entry_tees
D:8:      layout_basic, grunt_ministairs_15, uniq_grum, uniq_pikel

Skill      XL: |  1  2  3  4  5  6  7  8  9 |
---------------+----------------------------+-----
Fighting       | 2 |  2.2
Throwing       | 2 |  2.0
Dodging        | 4 5 6 7 |  7.5
Long Blades    | 4 5 6 8 9 |  9.1
Armour         | 1 2 3 4 |  4.6
Stealth        | 1 3 6 7 |  7.4

Action                   |  1- 3 |  4- 6 |  7- 9 || total
-------------------------+-------+-------+-------++-------
Melee: Long sword        |   126 |   207 |   414 ||   747
       Bite              |     8 |    29 |    55 ||    92
Throw: Throwing net      |       |       |     2 ||     2
Invok: Curse Item        |       |       |     1 ||     1
Evoke: Wand              |       |       |     5 ||     5
  Use: Scroll            |     5 |       |     4 ||     9
       Potion            |     1 |     1 |     5 ||     7
 Stab: Distracted        |     1 |       |       ||     1
       Sleeping          |       |       |    11 ||    11
Armor: Leather armour    |    27 |       |       ||    27
       Ring mail         |    20 |   100 |   153 ||   273
       Skin              |    11 |    12 |     6 ||    29
Dodge: Dodged            |   106 |   156 |   317 ||   579
       Rpst.: Long sword |    33 |    51 |    93 ||   177

Table legend: (Time is in decaauts)
 A = Elapsed time spent in this place.
 B = Non-inter-level travel time spent in this place.
 C = Inter-level travel time spent in this place.
 D = Time resting spent in this place.
 E = Time spent auto-exploring this place.
 F = Levels seen in this place.
 G = Mean time per level.
                   A        B        C        D        E       F      G
               +--------+--------+--------+--------+--------+-----+--------+
         Total |   7273 |   7043 |    230 |    519 |   4739 |   8 |  909.1 |
       Dungeon |   7273 |   7043 |    230 |    519 |   4739 |   8 |  909.1 |
               +--------+--------+--------+--------+--------+-----+--------+

Top non-repeatable levels by time:
     D:6: 1274 daAuts
     D:5: 1197 daAuts
     D:7: 1017 daAuts
     D:4: 1009 daAuts
     D:3: 922 daAuts
     D:1: 838 daAuts
     D:2: 678 daAuts
     D:8: 335 daAuts
